 Dungeon Crawl Stone Soup version 0.21-a0-508-gf08a75f (webtiles) character file.

191 Gerstahl the Skirmisher (level 5, 0/50 HPs)
             Began as a Naga Skald on Nov 29, 2017.
             Slain by a gnoll
             ... wielding a +0 flail
              (15 damage)
             ... on level 3 of the Dungeon.
             The game lasted 00:07:16 (2752 turns).

Gerstahl the Skirmisher (Naga Skald)                Turns: 2752, Time: 00:07:17

Health: 0/50       AC:  5    Str: 14    XL:     5   Next: 70%
Magic:  1/8        EV: 10    Int: 14    God:
Gold:   97         SH:  0    Dex: 10    Spells: 5/8 levels left

rFire    . . .     SeeInvis +   a - +0 falchion
rCold    . . .     Gourm    .   (no shield)
rNeg     . . .     Faith    .   m - +0 animal skin
rPois    +         Spirit   .   n - +2 helmet
rElec    .         Reflect  .   (no cloak)
rCorr    .         Harm     .   (no gloves)
MR       .....                  (no barding)
Stlth    +.........             (no amulet)
HPRegen  0.16/turn              (no ring)
MPRegen  0.11/turn              (no ring)

@: singing, very slow
A: large, see invisible, deformed body, poison resistance, slowness 2, slow
metabolism 1, spit poison 1, AC +1
a: Spit Poison


You were on level 3 of the Dungeon.
You were hungry.

You visited 1 branch of the dungeon, and saw 3 of its levels.

You collected 97 gold pieces.

Inventory:

Hand Weapons
 a - a +0 falchion (weapon)
Armour
 m - a +0 animal skin (worn)
 n - a +2 helmet (worn)
Jewellery
 e - an uncursed ring of fire {unknown}
Wands
 l - a wand of digging (12)
Scrolls
 b - 2 scrolls of enchant armour {unknown}
 h - a scroll of identify {unknown}
 i - a scroll of remove curse {unknown}
Potions
 f - 3 potions of heal wounds {unknown}
 j - 2 potions of resistance {unknown}
 k - a potion of flight {unknown}
Books
 c - a book of Battle

   Spells                             Type                      Level
   a - Infusion                       Charms                       1
   b - Shroud of Golubria             Charms/Translocation         2
   c - Song of Slaying                Charms                       2
   d - Spectral Weapon                Hexes/Charms                 3
   e - Regeneration                   Charms/Necromancy            3
Comestibles
 d - 3 bread rations
 g - a royal jelly
 o - 3 chunks of flesh


   Skills:
 + Level 4.1 Fighting
 + Level 4.1 Long Blades
 - Level 0.7 Armour
 - Level 1.5 Dodging
 - Level 2.0 Spellcasting
 - Level 3.2 Charms


You had 5 spell levels left.
You knew the following spells:

 Your Spells              Type           Power        Failure   Level  Hunger
a - Infusion              Chrm           ##..         6%          1    ##.....
b - Song of Slaying       Chrm           ##......     10%         2    ###....


Dungeon Overview and Level Annotations

Branches:
Dungeon (3/15)

Altars:
Fedhas
Qazlal


Innate Abilities, Weirdness & Mutations

You cannot wear boots.
Your serpentine skin is tough. (AC +1)
You have supernaturally acute eyesight. (SInv)
Armour fits poorly on your strangely shaped body.
Your system is resistant to poisons. (rPois)
You cover ground very slowly.
You have a slow metabolism.
You can spit poison.


Message History

Press: ? - help, Shift-Dir - straight line, f - gnoll
Aim: a gnoll, wielding a flail (lightly wounded)
The splash of poison hits the gnoll.
The gnoll is poisoned.
The gnoll is moderately wounded.
You feel slightly more hungry. The gnoll misses you.
The gnoll hits you but does no damage. The gnoll barely misses you.
You riposte.
You closely miss the gnoll.
The gnoll is moderately wounded.
You hit the gnoll.
The gnoll is severely wounded.
The gnoll barely misses you. The gnoll hits you with a flail.
* * * LOW HITPOINT WARNING * * *
You hit the gnoll.
The gnoll is almost dead.
You have got your breath back.
The gnoll closely misses you.
You hit the gnoll but do no damage.
The gnoll is almost dead.
The gnoll hits you with a flail!
You die...

## .############
............#
.##########.##########
.# ##.............. .#
##.....#######.# ..
...........)....# .#
###.....#####.#.# .##
#....## #@# # ..#
#.#.# #g# ..# #.#. #g#
#.# # #.


#gg #. #.#. #.#.. #.. #. ##. .# # . You could see 4 gnolls.

Vanquished Creatures
  Robin (D:2)
  4 gnolls
  5 adders (D:2)
  2 worms (D:2)
  4 dart slugs
  4 leopard geckos
  6 bats
  3 giant cockroaches
  6 hobgoblins
  11 jackals (D:2)
  9 kobolds
  2 quokkas (D:2)
  5 frilled lizards
  14 goblins
  6 rats
82 creatures vanquished.

Notes
Turn   | Place    | Note
-------+----------+-------------------------------------------
     0 | D:1      | Gerstahl the Naga Skald began the quest for the Orb.
     0 | D:1      | Reached XP level 1. HP: 19/19 MP: 3/3
   192 | D:1      | Reached XP level 2. HP: 26/26 MP: 5/5
   796 | D:1      | Reached XP level 3. HP: 26/33 MP: 6/6
  1369 | D:2      | Reached XP level 4. HP: 36/42 MP: 7/7
  1433 | D:2      | Noticed Robin
  1443 | D:2      | Killed Robin
  1570 | D:2      | Found a blossoming altar of Fedhas.
  1972 | D:2      | Reached XP level 5. HP: 15/50 MP: 2/8
  2280 | D:2      | Found a stormy altar of Qazlal.
  2409 | D:2      | Learned a level 2 spell: Song of Slaying
  2752 | D:3      | Slain by a gnoll

Vault maps used:
D:1:      nicolae_arrival_memento_mori
D:2:      nicolae_qazlal_eye_of_the_storm, fedhas_altar_4, uniq_robin
D:3:      nicolae_ru_sacrificial_ziggurat, nemelex_diamond_rough_becter

Skill      XL: |  1  2  3  4  5 |
---------------+----------------+-----
Long Blades    | 3 4 |  4.1
Fighting       | 3 4 |  4.1
Armour         | |  0.7
Dodging        | |  1.5
Spellcasting   | |  2.0
Charms         | |  3.2

Action                   |  1- 3 |  4- 6 || total
-------------------------+-------+-------++-------
Melee: Falchion          |    57 |   124 ||   181
 Cast: Infusion          |     5 |     7 ||    12
       Song of Slaying   |       |     1 ||     1
 Abil: Spit Poison       |    10 |    22 ||    32
  Eat: Chunk             |     1 |     5 ||     6
Armor: Leather armour    |     9 |     1 ||    10
       Animal skin       |       |    41 ||    41
Dodge: Dodged            |    46 |    58 ||   104
       Rpst.: Falchion   |    14 |    18 ||    32

Table legend:
 A = Spawn XP
 B = Non-spawn XP
 C = Spawn XP percentage of total XP
 D = Spawn monster count
 E = Non-spawn monster count
 F = Spawn count percentage of total count
 G = Total turns spent on level
                    A         B        C        D         E        F      G
               +---------+---------+-------+---------+---------+-------+---------
         Total |       0 |     274 |   0.0 |       0 |      82 |   0.0 |  2752
               +---------+---------+-------+---------+---------+-------+---------
           D:1 |       0 |      57 |   0.0 |       0 |      25 |   0.0 |  1306
           D:2 |       0 |     210 |   0.0 |       0 |      52 |   0.0 |  1379
           D:3 |       0 |       7 |   0.0 |       0 |       5 |   0.0 |    67
               +---------+---------+-------+---------+---------+-------+---------
